 Dungeon Crawl Stone Soup version 0.18.1-48-g4cf74bf (webtiles) character file.

1379 HEYYEYAAE the Skirmisher (level 8, -4/70 HPs)
             Began as a Demigod Gladiator on Sept 9, 2016.
             Slain by a giant frog (6 damage)
             ... on level 6 of the Dungeon.
             The game lasted 00:07:44 (4806 turns).

HEYYEYAAE the Skirmisher (Demigod Gladiator)        Turns: 4806, Time: 00:07:44

Health: -4/70      AC: 12    Str: 26    XL:     8   Next: 16%
Magic:  12/12      EV: 13    Int: 12    God:
Gold:   103        SH:  0    Dex: 16    Spells: 0 memorised, 7 levels left

rFire  . . .     SeeInvis .     w - +1 short sword (speed)
rCold  . . .     Gourm    .     s - +0 scale mail {MR+}
rNeg   . . .     Faith    .     (no shield)
rPois  .         Spirit   .     c - +1 helmet
rElec  .         Dismiss  .     m - +0 cloak
rCorr  .         Reflect  .     (no gloves)
SustAt +         Harm     +     (no boots)
MR     +....                    g - amulet of harm
Stlth  ..........               o - +4 ring of strength
                                e - +2 ring of protection

@: exhausted, very slightly contaminated, somewhat resistant to hostile
enchantments, extremely unstealthy
A: high mp 1, sustain attributes
a: no special abilities


You were on level 6 of the Dungeon.
You were very hungry.

You visited 1 branch of the dungeon, and saw 6 of its levels.

You collected 219 gold pieces.
You spent 116 gold pieces at shops.

Inventory:

Hand Weapons
 a - a +0 rapier
 n - a +1 dagger of holy wrath
 w - a +1 short sword of speed (weapon)
Missiles
 d - 3 throwing nets (quivered)
Armour
 c - a +1 helmet (worn)
 i - a +0 shield
 m - a +0 cloak (worn)
 s - a +0 scale mail of magic resistance (worn)
Jewellery
 e - a +2 ring of protection (left hand)
 g - an amulet of harm (around neck)
 o - a +4 ring of strength (right hand)
 x - a +1 ring of protection
Wands
 k - a wand of random effects (0/48)
 B - a wand of digging (9/24)
Scrolls
 j - 2 scrolls of remove curse
 l - 3 scrolls of identify
 p - a scroll of amnesia
 r - a scroll of magic mapping
Comestibles
 f - 6 bread rations
 h - a meat ration
 q - a royal jelly
 z - a slice of pizza


   Skills:
 * Level 6.1 Fighting
 + Level 4.6 Short Blades
 - Level 1.7 Throwing
 + Level 3.2 Armour
 + Level 4.9 Dodging
 + Level 1.5 Shields
 + Level 2.2 Evocations


You had 7 spell levels left.
You didn't know any spells.

Dungeon Overview and Level Annotations

Branches:
Dungeon (6/15)
 Temple: D:4-7

Shops:
D:4 [*


Innate Abilities, Weirdness & Mutations

You have an increased reservoir of magic (+10% MP).
Your attributes are resistant to harm.


Message History

The hound bites you but does no damage.
You aren't carrying any potions.
Unknown command.
Read which item? (? for menu, Esc to quit)
Okay, then.
Evoke which item? (* to show all) (? for menu, Esc to quit)
Zapping:
B - a wand of digging {zapped: 1} (will waste charges)
Press: ? - help, Shift-Dir - straight line The rock shatters into small pieces.
Evoking this partially-identified wand wasted a few charges.
Your skill with magical items lets you calculate the power of this device...
This wand has 9 charges left.
The giant frog hits you.
* * * LOW HITPOINT WARNING * * *
The hound bites you but does no damage. The giant frog closely misses you.
The hound barely misses you.
You feel yourself speed up. The hound barely misses you.
The giant frog hits you.
* * * LOW HITPOINT WARNING * * *
The hound barely misses you. The giant frog hits you.
You die...

#..........#
............#
.............#
........<....#
............##
...........#
#.......#######
#...........h^#
............@.#
...........##F#
......)... #.#
.........# #.#
.......... #.#
.......... #.#
....... ..# ...


You could see a giant frog and a hound.

Vanquished Creatures
  A wolf (D:4)
  2 phantoms (D:4)
  2 ogres (D:4)
  A giant frog skeleton (D:5)
  An orc priest (D:5)
  A gnoll shaman (D:5)
  3 hounds
  5 orc wizards
  A centaur skeleton (D:4)
  Natasha (thrice) (D:3)
  3 worker ants
  2 hound skeletons
  15 gnolls
  A howler monkey skeleton (D:5)
  5 adders
  A shadow imp (D:5)
  A worm (D:3)
  5 dart slugs
  A giant gecko (D:1)
  19 orcs
  A ball python (D:2)
  7 giant cockroaches
  10 goblins
  5 hobgoblins
  4 jackals (D:5)
  14 kobolds
  6 quokkas
  9 bats
  4 giant newts
  A quokka skeleton (D:5)
  8 rats
  2 rat zombies (D:5)
144 creatures vanquished.

Vanquished Creatures (collateral kills)
  An orc priest (D:4)
  A centaur skeleton (D:4)
  An orc (D:4)
3 creatures vanquished.

Grand Total: 147 creatures vanquished

Notes
Turn   | Place    | Note
--------------------------------------------------------------
     0 | D:1      | HEYYEYAAE the Demigod Gladiator began the quest for the Orb.
     0 | D:1      | Reached XP level 1. HP: 17/17 MP: 3/3
    87 | D:1      | Reached skill level 2 in Fighting
   227 | D:1      | Reached XP level 2. HP: 24/24 MP: 4/4
   546 | D:1      | Reached XP level 3. HP: 29/30 MP: 5/5
   547 | D:1      | Reached skill level 1 in Armour
   926 | D:2      | Found a sparkling altar of Nemelex Xobeh.
  1276 | D:3      | Reached skill level 3 in Fighting
  1276 | D:3      | Reached XP level 4. HP: 24/38 MP: 6/6
  1621 | D:3      | Found a sacrificial altar of Ru.
  1667 | D:3      | Noticed Natasha
  1674 | D:3      | Killed Natasha
  1887 | D:3      | Reached XP level 5. HP: 42/45 MP: 7/7
  1981 | D:3      | Found a faded altar to an unknown god.
  2066 | D:3      | Noticed Natasha
  2075 | D:3      | Killed Natasha
  2076 | D:3      | Found a shimmering altar of Xom.
  2093 | D:3      | Noticed Natasha
  2108 | D:3      | Killed Natasha
  2110 | D:3      | Reached skill level 4 in Fighting
  2255 | D:3      | Found a bloodstained altar of Trog.
  2255 | D:3      | Found an iron altar of Okawaru.
  2841 | D:4      | Noticed a phantom
  2861 | D:4      | Reached XP level 6. HP: 43/52 MP: 8/8
  3018 | D:4      | Got a slimy quarterstaff
  3019 | D:4      | Identified the cursed +1 quarterstaff of Gaejidol {elec, rF++ Int-3 Dex+2} (You found it on level 4 of the Dungeon)
  3140 | D:4      | Killed a wolf
  3140 | D:4      | Reached skill level 1 in Evocations
  3140 | D:4      | Reached XP level 7. HP: 16/60 MP: 10/10
  3389 | D:4      | Reached skill level 5 in Fighting
  3915 | D:4      | Found Vieprox's Elemental Accessories.
  3931 | D:4      | Found Kuewnosi's Armour Shoppe.
  3934 | D:4      | Bought a +0 shield for 58 gold pieces
  3934 | D:4      | Bought a +0 cloak for 58 gold pieces
  4129 | D:5      | Entered Level 5 of the Dungeon
  4221 | D:5      | Reached skill level 1 in Shields
  4424 | D:5      | Reached XP level 8. HP: 52/70 MP: 12/12
  4443 | D:5      | Found an ancient bone altar of Kikubaaqudgha.
  4612 | D:5      | Found a radiant altar of Vehumet.
  4684 | D:5      | Reached skill level 6 in Fighting
  4805 | D:6      | HP: 2/70 [giant frog (6)]
  4806 | D:6      | Slain by a giant frog

Skill      XL: |  1  2  3  4  5  6  7  8 |
---------------+-------------------------+-----
Fighting       | 2 3 4 5 6 |  6.1
Armour         | 1 2 3 |  3.2
Dodging        | 3 4 |  4.9
Short Blades   | 3 4 |  4.6
Evocations     | 1 2 |  2.2
Shields        | 1 |  1.5
Throwing       | |  1.7

Action                   |  1- 3 |  4- 6 |  7- 9 || total
-------------------------+-------+-------+-------++-------
Melee: Rapier            |   154 |   161 |       ||   315
       Short sword       |       |   104 |   337 ||   441
Evoke: Wand              |       |     3 |     7 ||    10
  Use: Potion            |       |     7 |     2 ||     9
       Scroll            |       |     4 |     8 ||    12
 Stab: Sleeping          |     2 |       |       ||     2
  Eat: Chunk             |       |     8 |     4 ||    12
       Beef jerky        |       |       |     1 ||     1
Armor: Leather armour    |    36 |       |       ||    36
       Scale mail        |     7 |    86 |   111 ||   204
Dodge: Dodged            |   117 |   155 |   207 ||   479
